[Event ""]
[Site "FICS"]
[Date "2023-12-09"]
[Round "6"]
[White "Spudweb"]
[Black "AsDaGo"]
[Result "1-0"]
[WhiteElo "2016"]
[BlackElo "2065"]
[TimeControl "2700+45"]
[Time "16:30:03"]
[PlyCount "158"]

1. d4 Nf6
2. c4 e6
3. Nc3 Bb4
4. e3 O-O
5. Ne2 d5
6. a3 Bd6
7. c5 Be7
8. b4 b6
9. Nf4 a5
10. Rb1 c6
11. Be2 Nbd7
12. Nd3 b5
13. O-O Ne4
14. Bb2 a4
15. f3 Nxc3
16. Bxc3 Re8
17. e4 Bf6
18. e5 Be7
19. f4 f5
20. g4 g6
21. gxf5 gxf5
22. Kh1 Kh8
23. Bh5 Rg8
24. Bf7 Rg6
25. Bxg6 hxg6
26. Rg1 Qg8
27. Qf3 Nf8
28. Rb2 Bd7
29. h4 Qh7
30. Rh2 Be8
31. h5 gxh5
32. Be1 Bf7
33. Qh3 Nd7
34. Bh4 Bf8
35. Ne1 Bh6
36. Bg5 Rg8
37. Rhg2 Bxg5
38. Rxg5 Rxg5
39. Rxg5 Nf8
40. Kg2 Ng6
41. Kf3 h4
42. Ke3 Kg7
43. Qf3 Kf8
44. Rh5 Qg7
45. Rg5 Qh6
46. Kf2 Ne7
47. Kg2 Ng6
48. Kh3 Ne7
49. Ng2 Ng6
50. Rh5 Qg7
51. Qf2 Be8
52. Rg5 Qh6
53. Nxh4 Bf7
54. Qg3 Kg7
55. Kg2 Kh7
56. Nf3 Ne7
57. Kf2 Ng6
58. Ke3 Qh1
59. Rxg6 Bxg6
60. Ng5+ Kh6
61. Nxe6 Qc1+
62. Kf2 Qd2+
63. Kg1 Qd1+
64. Kh2 Qe2+
65. Kh3 Qf1+
66. Kh2 Qe2+
67. Qg2 Qd1
68. Qg5+ Kh7
69. Nf8+ Kg7
70. Nxg6 Qe2+
71. Qg2 Qh5+
72. Nh4+ Kh8
73. Kh3 Qh6
74. Qg5 Qh7
75. Qxf5 Qc7
76. Qf6+ Kg8
77. e6 Qc8
78. Qf7+ Kh8
79. Ng6# 1-0